 Dungeon Crawl Stone Soup version 0.29.0-4-gdea44cf6ec (webtiles) character file.

Game seed: 10404344905889491473

174 qw the Chopper (level 5, 0/30 HPs)
             Began as a Tengu Warper on Aug 28, 2022.
             Succumbed to a kobold brigand's poison
             ... on level 2 of the Dungeon.
             The game lasted 00:00:20 (3572 turns).

qw the Chopper (Tengu Warper)                       Turns: 3572, Time: 00:00:20

Health: 0/30       AC:  8    Str: 14    XL:     5   Next: 54%
Magic:  9/9        EV:  7    Int: 13    God:
Gold:   189        SH:  0    Dex: 13    Spells: 8/8 levels left

rFire   + . .      SeeInvis .   Y - +0 war axe
rCold   + . .      Faith    .   (no shield)
rNeg    . . .      Spirit   .   a - +0 chain mail
rPois   .          Reflect  .   (helmet restricted)
rElec   .          Harm     .   b - scarf {rC+ rF+}
rCorr   .          Rampage  .   (no gloves)
Will    .....                   (boots unavailable)
Stlth   ..........              (no amulet)
HPRegen 0.10/turn               (no ring)
MPRegen 0.11/turn               (no ring)

@: lethally poisoned (0 -> -3), flying quickly and evasively, quick
A: beak, talons 3, nimble flight
a: no special abilities


You were on level 2 of the Dungeon.
You visited 1 branch of the dungeon, and saw 3 of its levels.

You collected 189 gold pieces.


Innate Abilities, Weirdness & Mutations

You have a beak for a mouth.
You have claws for feet.
Your magical nature lets you fly swiftly and evasively.


   Skills:
 - Level 2.0 Fighting
 - Level 6.0 Axes
 - Level 1.0 Throwing
 + Level 1.4 Armour
 - Level 2.1 Dodging
 - Level 2.0 Spellcasting
 - Level 2.4 Translocations


You had 8 spell levels left.
You didn't know any spells.
Your spell library contained the following spells:

 Spells                   Type           Power      Damage    Failure   Level
 Blink                    Tloc           14%        N/A       99%         2
 Gell's Gravitas          Tloc           7%         N/A       100%        3
 Lesser Beckoning         Tloc           7%         N/A       100%        3
 Teleport Other           Tloc           7%         N/A       100%        3
 Manifold Assault         Tloc           7%         N/A       100%        5

Inventory:

Hand Weapons
 g - a +0 whip
 Y - a +0 war axe (weapon)
Armour
 a - a +0 chain mail (worn)
 b - a scarf of resistance (worn)
Scrolls
 c - 2 scrolls of teleportation
Potions
 d - a potion of might {unknown}

Dungeon Overview and Level Annotations

Branches:
Dungeon (3/15)

Altars:


Message History

You fly downwards.
Your summoned allies are left behind.
There is a stone staircase leading up here.
You slash the kobold!
You kill the kobold!
The kobold brigand throws a poisoned dart.
The poisoned dart hits you!
You are poisoned.
You feel sick.
You feel sick.
The kobold brigand throws a poisoned dart.
The poisoned dart hits you!
You are more poisoned.
3562 ||| FLEEEEING.
You feel very sick.
There is a stone staircase leading up here.
3563 ||| STAIRDANCE You feel very sick.
The kobold brigand throws a poisoned dart.
The poisoned dart hits you!
You are lethally poisoned!
You fly upwards.
You feel extremely sick.
There is a stone staircase leading down here.
You see here a ring of magical power.
There is a lethal amount of poison in your body!
You feel very sick.
There is a lethal amount of poison in your body!
You feel very sick.
There is a lethal amount of poison in your body!
You feel sick.
There is a lethal amount of poison in your body!
You feel sick.
There is a lethal amount of poison in your body!
You feel sick.
There is a lethal amount of poison in your body!
You feel sick.
There is a lethal amount of poison in your body!
You feel sick.
There is a lethal amount of poison in your body!
You die...

..#.######.#.#.#
#.# .#[## #.#.#<#
#.########## .#.#
#.#.#.#
#........... ...#
#.....#
############
.#########.....# #
....##.........# #
)#...#.###.....###
#
..#..............#
#
...........#####@#
# .##.##.##### #.#
# .#####.# #.# #
.# #.# #.# #### .#
#.# #.# #... .#
##.## #.# #.## .#
#...###### #.# #.#
.# #........# #.#
#.# .# #...####.#
#.##### #.#


There were no monsters in sight!

Vanquished Creatures
  Terence (D:3)
  6 adders
  4 worms
  An orc (D:3)
  8 bats
  4 endoplasms
  3 giant cockroaches
  8 goblins
  3 hobgoblins
  3 jackals (D:1)
  12 kobolds
  3 quokkas
  4 ball pythons
  A frilled lizard (D:3)
  25 rats
86 creatures vanquished.

Notes
Turn   | Place    | Note
-------+----------+-------------------------------------------
     0 | D:1      | qw the Tengu Warper began the quest for the Orb.
     0 | D:1      | Reached XP level 1. HP: 12/12 MP: 4/4
     0 | D:1      | 0 ||| qw: Version: 0.1-a-89-g26bdef1
     0 | D:1      | 0 ||| qw: Game counter: 3336
     0 | D:1      | 0 ||| qw: Always use a shield: true
     0 | D:1      | 0 ||| qw: God list: Okawaru
     0 | D:1      | 0 ||| qw: Allow faded altars: false
     0 | D:1      | 0 ||| qw: Do Orc after D:15 true
     0 | D:1      | 0 ||| qw: Do second Lair branch before Depths: true
     0 | D:1      | 0 ||| qw: Lair rune preference: random
     0 | D:1      | 0 ||| qw: Plans: Normal
     0 | D:1      | 0 ||| PLANNING D:1-11
   266 | D:1      | Reached XP level 2. HP: 17/17 MP: 6/6
   419 | D:1      | 419 ||| SWAPPING to +0 war axe.
   424 | D:1      | Reached skill level 3 in Axes
   424 | D:1      | 424 ||| DROPPING +0 hand axe.
   733 | D:1      | Reached XP level 3. HP: 21/21 MP: 7/7
   907 | D:1      | 907 ||| READING scroll labelled FIFOACZOLORCH.
   910 | D:1      | 910 ||| READING scroll labelled APUNA KIBODO.
   911 | D:1      | 911 ||| READING 2 scrolls labelled ACANEU LULEOR.
   912 | D:1      | 912 ||| DROPPING scroll of blinking.
   913 | D:1      | 913 ||| DROPPING scroll of butterflies.
  1018 | D:2      | Reached skill level 4 in Axes
  1263 | D:2      | 1263 ||| Stepping ~*~*~tactically~*~*~ (stealth).
  1310 | D:2      | You fall into a shaft and drop 1 floor!
  1313 | D:3      | 1313 ||| Stepping ~*~*~tactically~*~*~ (stealth).
  1322 | D:3      | Reached XP level 4. HP: 26/26 MP: 8/8
  1340 | D:3      | 1340 ||| Stepping ~*~*~tactically~*~*~ (stealth).
  1654 | D:3      | Reached skill level 5 in Axes
  1709 | D:3      | 1709 ||| READING scroll labelled CUSSAI VUOGACH.
  1715 | D:2      | Found the +18 Lear's hauberk
  1976 | D:2      | Gained mutation: Your magical nature lets you fly swiftly
                  | and evasively. [Tengu growth]
  1976 | D:2      | Reached XP level 5. HP: 20/30 MP: 9/9
  2701 | D:2      | 2701 ||| UPGRADING to +0 chain mail.
  2711 | D:2      | 2711 ||| DROPPING +0 leather armour.
  2712 | D:2      | 2712 ||| READING scroll labelled KUKLOSTAW.
  2908 | D:3      | Noticed Terence
  2924 | D:3      | Killed Terence
  2925 | D:3      | Reached skill level 6 in Axes
  3227 | D:3      | 3227 ||| FLEEEEING.
  3228 | D:3      | 3228 ||| FLEEEEING.
  3229 | D:3      | 3229 ||| FLEEEEING.
  3230 | D:3      | 3230 ||| FLEEEEING.
  3231 | D:3      | 3231 ||| FLEEEEING.
  3232 | D:3      | 3232 ||| FLEEEEING.
  3233 | D:3      | 3233 ||| FLEEEEING.
  3234 | D:3      | 3234 ||| FLEEEEING.
  3241 | D:3      | 3241 ||| STAIRDANCE
  3295 | D:2      | 3295 ||| UPGRADING to scarf of resistance.
  3392 | D:3      | Noticed a kobold brigand
  3395 | D:3      | 3395 ||| FLEEEEING.
  3396 | D:3      | 3396 ||| FLEEEEING.
  3397 | D:3      | 3397 ||| FLEEEEING.
  3398 | D:3      | 3398 ||| FLEEEEING.
  3399 | D:3      | 3399 ||| FLEEEEING.
  3405 | D:3      | 3405 ||| FLEEEEING.
  3406 | D:3      | 3406 ||| FLEEEEING.
  3407 | D:3      | 3407 ||| FLEEEEING.
  3408 | D:3      | 3408 ||| FLEEEEING.
  3409 | D:3      | 3409 ||| FLEEEEING.
  3410 | D:3      | 3410 ||| FLEEEEING.
  3411 | D:3      | 3411 ||| FLEEEEING.
  3423 | D:3      | 3423 ||| FLEEEEING.
  3424 | D:3      | 3424 ||| FLEEEEING.
  3425 | D:3      | 3425 ||| FLEEEEING.
  3426 | D:3      | 3426 ||| STAIRDANCE
  3553 | D:2      | 3553 ||| DROPPING ring of magical power.
  3554 | D:2      | 3554 ||| READING scroll labelled OCSUYH ZUGH.
  3562 | D:3      | 3562 ||| FLEEEEING.
  3563 | D:3      | 3563 ||| STAIRDANCE
  3566 | D:2      | HP: 7/30 [poisoned by a kobold brigand]
  3568 | D:2      | HP: 3/30 [poisoned by a kobold brigand]
  3570 | D:2      | HP: 1/30 [poisoned by a kobold brigand]
  3572 | D:2      | Succumbed to a kobold brigand's poison

Levels and vault maps discovered:
D:1:      dpeg_arrival_stone_temple_mockup, layout_loops_corners,
          chequers_arboretum
D:2:      layout_loops_ring, amcnicky_mini_corridor_feature,
          chequers_serial_rivers_room_b, minmay_rat_hole
D:3:      minmay_goblin_kobold_castle, layout_basic, uniq_terence

Skill      XL: |  1  2  3  4  5 |
---------------+----------------+-----
Axes           | 3 4 5 6 |  6.0
Fighting       | |  2.0
Throwing       | |  1.0
Armour         | |  1.4
Dodging        | |  2.1
Spellcasting   | |  2.0
Translocations | |  2.4

Action                   |  1- 3 |  4- 6 || total
-------------------------+-------+-------++-------
Melee: Hand axe          |     7 |       ||     7
       Kick              |    13 |    26 ||    39
       Peck              |     3 |    15 ||    18
       War axe           |    41 |   110 ||   151
       Punch             |       |     1 ||     1
Throw: Javelin           |    23 |    20 ||    43
       Boomerang         |     7 |       ||     7
  Use: Scroll            |     3 |     3 ||     6
Armor: Leather armour    |    13 |    23 ||    36
       Chain mail        |       |     9 ||     9
Dodge: Dodged            |    22 |    61 ||    83

Table legend:
 A = Non-vault XP
 B = Vault XP
 C = Vault XP percentage of total XP
 D = Non-vault monster count
 E = Vault monster count
 F = Vault count percentage of total count
                 A         B        C        D         E       F
            +---------+---------+-------+---------+---------+-------
      Total |     180 |      69 |  27.7 |      57 |      29 |  33.7
            +---------+---------+-------+---------+---------+-------
        D:1 |      37 |       0 |   0.0 |      20 |       0 |   0.0
        D:2 |     105 |      20 |  16.0 |      24 |      19 |  44.2
        D:3 |      38 |      49 |  56.3 |      13 |      10 |  43.5
            +---------+---------+-------+---------+---------+-------
